 Dungeon Crawl Stone Soup version 0.25-a0-566-g062765be81 (webtiles) character file.

Game seed: 13703639355369761421, levelgen mode: deterministic

9 Flugslaktarn the Covered (level 2, -3/27 HPs)
             Began as a Deep Dwarf Fighter on Feb 28, 2020.
             Splashed by Ijyb's acid (8 damage)
             ... on level 3 of the Dungeon.
             The game lasted 00:00:13 (377 turns).

Flugslaktarn the Covered (Deep Dwarf Fighter)        Turns: 377, Time: 00:00:14

Health: -3/27      AC:  2    Str: 19    XL:     2   Next: 6%
Magic:  2/2        EV:  7    Int:  8    God:
Gold:   33         SH:  9    Dex: 12    Spells: 1/1 levels left

rFire    . . .     SeeInvis .   a - +0 war axe
rCold    . . .     Gourm    .   c - +0 kite shield
rNeg     . . .     Faith    .   b - +0 scale mail
rPois    .         Spirit   .   (no helmet)
rElec    .         Reflect  .   (no cloak)
rCorr    .         Harm     .   (no gloves)
MR       .....                  (no boots)
Stlth    ..........             (no amulet)
HPRegen  0.00/turn              (no ring)
MPRegen  0.08/turn              (no ring)

@: corroded, non-regenerating
A: damage resistance, heal wounds, sense surroundings 1, no regeneration
a: Heal Wounds


You were on level 3 of the Dungeon.
You were not hungry.

You visited 1 branch of the dungeon, and saw 3 of its levels.

You collected 33 gold pieces.

Inventory:

Hand Weapons
 a - a +0 war axe (weapon)
Armour
 b - a +0 scale mail (worn)
 c - a +0 kite shield (worn)
Jewellery
 k - a cursed -5 ring of dexterity {unknown}
   (You found it on level 1 of the Dungeon)
Scrolls
 g - 2 scrolls of remove curse {unknown}
 j - 2 scrolls of identify {unknown}
 m - a scroll of magic mapping {unknown}
Potions
 d - a potion of might
 f - a potion of flight {unknown}
 h - a potion of lignification {unknown}
 i - a potion of degeneration {unknown}
 l - a potion of mutation {unknown}
Comestibles
 e - 3 rations


   Skills:
 + Level 2.8 Fighting
 * Level 2.5 Axes
 + Level 3.4 Armour
 + Level 3.4 Shields


You had one spell level left.
You didn't know any spells.
Your spell library was empty.

Dungeon Overview and Level Annotations

Branches:
Dungeon (3/15)

Altars:

Annotations:
D:3 Ijyb


Innate Abilities, Weirdness & Mutations

You are resistant to damage.
You can heal yourself by infusing magical energy.
You passively map a small area around you.
You do not regenerate.


Message History

g - 2 scrolls labeled FEIPHI VAEF (gained 1)
j - 2 scrolls labeled AWEJOE FIHIPOPSO (gained 1)
You see here a frilled lizard corpse.
There is an open door here.
There is a stone staircase leading down here.
You climb downwards.
A goblin and Ijyb come into view.
Ijyb is carrying a wand of acid (9).
Ijyb shouts!
The goblin shouts!
You hear a shout!
You hear an angry hiss.
There is a stone staircase leading up here.
Unknown command.
There are monsters nearby!
There are monsters nearby!
You closely miss the goblin. The goblin hits you with a +0 dagger.
You hit the goblin.
You kill the goblin!
Ijyb zaps a wand.
The bolt of acid hits you!!
Ouch! That really hurt!
* * * LOW HITPOINT WARNING * * *
The acid corrodes you!
You are splashed with acid!
You die...

.# .#
*.#
##.#
* #..
#.# *
#<# ,
, #.#
*
#@#,
*, ,
* #g#
* ,
... *
**
###.#
* *.#
* , ,
.# *
.#
.#**
* , ,


You could see Ijyb.

Vanquished Creatures
  A leopard gecko (D:2)
  3 goblins
  A hobgoblin (D:1)
  A frilled lizard (D:2)
  2 rats
8 creatures vanquished.

Notes
Turn   | Place    | Note
-------+----------+-------------------------------------------
     0 | D:1      | Flugslaktarn the Deep Dwarf Fighter began the quest for the
                  | Orb.
     0 | D:1      | Reached XP level 1. HP: 20/20 MP: 1/1
   351 | D:2      | Reached XP level 2. HP: 21/27 MP: 2/2
   373 | D:3      | Noticed Ijyb
   377 | D:3      | Splashed by Ijyb's acid

Levels and vault maps discovered:
D:1:      moated_graveyard_arrival, layout_basic, due_unseen_surprise
D:2:      layout_basic, nicolae_overflow_crystal_walls
D:3:      layout_loops_cross, uniq_ijyb, uniq_crazy_yiuf_cottage

Action                   || total
-------------------------++-------
Melee: War axe           ||    14
Armor: Scale mail        ||     1
Dodge: Dodged            ||     5
Block: Kite shield       ||     4

Table legend:
 A = Non-vault XP
 B = Vault XP
 C = Vault XP percentage of total XP
 D = Non-vault monster count
 E = Vault monster count
 F = Vault count percentage of total count
                 A         B        C        D         E       F
            +---------+---------+-------+---------+---------+-------
      Total |      14 |       0 |   0.0 |       8 |       0 |   0.0
            +---------+---------+-------+---------+---------+-------
        D:1 |       7 |       0 |   0.0 |       4 |       0 |   0.0
        D:2 |       5 |       0 |   0.0 |       3 |       0 |   0.0
        D:3 |       2 |       0 |   0.0 |       1 |       0 |   0.0
            +---------+---------+-------+---------+---------+-------
